 Dungeon Crawl Stone Soup version 0.20-a0-1089-g3fde505 (webtiles) character file.

3087 Chaoticas the Arsonist (level 9, -3/62 HPs)
             Began as a Yellow Draconian Fire Elementalist on May 3, 2017.
             Was a Follower of Vehumet.
             Killed from afar by a steam dragon (17 damage)
             ... with a ball of steam
             ... on level 8 of the Dungeon.
             The game lasted 00:26:19 (8812 turns).

Chaoticas the Arsonist (DrFE)                       Turns: 8812, Time: 00:26:19

Health: -3/62      AC:  7    Str: 10    XL:     9   Next: 59%
Magic:  25/28      EV: 12    Int: 19    God:    Vehumet [*.....]
Gold:   333        SH:  0    Dex: 12    Spells: 5/21 levels left

rFire    . . .     SeeInvis +   t - +0 long sword
rCold    . . .     Gourm    .   (no shield)
rNeg     . . .     Faith    .   (armour unavailable)
rPois    .         Spirit   .   (helmet restricted)
rElec    .         Reflect  .   (no cloak)
rCorr    +         Harm     .   (no gloves)
MR       .....                  (no boots)
Stlth    ++........             (no amulet)
Regen    0.2/turn               n - ring of see invisible
MPRegen  0.3/turn               o - ring of magical power

@: no status effects
A: spit acid, acid resistance, unfitting armour, cold-blooded, AC +7
a: Breathe Acid, Renounce Religion


You were on level 8 of the Dungeon.
You worshipped Vehumet.
Vehumet was aware of your devotion.
You were not hungry.

You visited 2 branches of the dungeon, and saw 9 of its levels.

You collected 333 gold pieces.

Inventory:

Hand Weapons
 l - a +3 hand axe of electrocution
   (You found it on level 1 of the Dungeon)
 t - a +0 long sword (weapon)
   (You found it on level 4 of the Dungeon)
Missiles
 q - 4 exploding tomahawks (quivered)
Jewellery
 e - an uncursed ring of fire
   (You found it on level 7 of the Dungeon)
 n - a ring of see invisible (left hand)
   (You found it on level 2 of the Dungeon)
 o - a ring of magical power (right hand)
   (You found it on level 2 of the Dungeon)
Wands
 w - a wand of iceblast (10/15)
   (You found it on level 5 of the Dungeon)
 x - a wand of enslavement (10/24)
   (You found it on level 6 of the Dungeon)
 E - a wand of confusion (12/48)
   (You found it on level 7 of the Dungeon)
Scrolls
 g - 4 scrolls of immolation
 i - 3 scrolls of teleportation
 p - a scroll of magic mapping
 r - a scroll of amnesia {unknown}
 s - 2 scrolls of enchant weapon
 u - a scroll of enchant armour {unknown}
 y - 2 scrolls of remove curse
 B - a scroll of vulnerability {unknown}
 C - a scroll of random uselessness {unknown}
Potions
 a - 2 potions of agility {unknown}
 c - a potion of heal wounds
 d - 3 potions of magic {unknown}
 h - 6 potions of curing
 k - 2 potions of haste
 m - 2 potions of ambrosia
 v - a potion of flight {unknown}
 z - 2 potions of degeneration {unknown}
 F - a potion of lignification {unknown}
 G - a potion of berserk rage {unknown}
Books
 A - a book of Flames

   Spells                             Type                      Level
   a - Flame Tongue                   Conjuration/Fire             1
   b - Throw Flame                    Conjuration/Fire             2
   c - Conjure Flame                  Conjuration/Fire             3
   d - Inner Flame                    Hexes/Fire                   3
   e - Sticky Flame                   Conjuration/Fire             4
   f - Fireball                       Conjuration/Fire             5
 D - a book of Callings
   (You found it on level 7 of the Dungeon)

   Spells                             Type                      Level
   a - Summon Small Mammal            Summoning                    1
   b - Call Imp                       Summoning                    2
   c - Call Canine Familiar           Summoning                    3
   d - Summon Guardian Golem          Hexes/Summoning              3
   e - Summon Lightning Spire         Summoning/Air                4
   f - Summon Ice Beast               Ice/Summoning                4
Comestibles
 b - 11 bread rations
 f - 2 meat rations
 j - 2 royal jellies
 Z - a chunk of flesh


   Skills:
 - Level 1.7 Dodging
 - Level 1.7 Stealth
 + Level 6.8 Spellcasting
 * Level 8.0 Conjurations
 * Level 8.8 Fire Magic


You had 5 spell levels left.
You knew the following spells:

 Your Spells              Type           Power        Failure   Level  Hunger
a - Flame Tongue          Conj/Fire      #####        1%          1    None
b - Throw Flame           Conj/Fire      #####.       1%          2    None
c - Conjure Flame         Conj/Fire      #####...     1%          3    #......
d - Sticky Flame          Conj/Fire      #####...     3%          4    ###....
e - Fireball              Conj/Fire      #####.....   9%          5    #####..
f - Shock                 Conj/Air       ###.         1%          1    None


Dungeon Overview and Level Annotations

Branches:
Dungeon (8/15)             Temple (1/1) D:6
   Lair: D:8-11

Altars:
Ashenzari
Cheibriados
Dithmenos
Elyvilon
Fedhas
Gozag
Hepliaklqana
Kikubaaqudgha
Makhleb
Nemelex Xobeh
Okawaru
Qazlal
Ru
Sif Muna
Trog
Uskayaw
Vehumet
Wu Jian
Xom
Yredelemnul
Zin
The Shining One

Shops:
D:7 }=

Annotations:
D:3 BubbleThief's ghost, amateur NaAs
D:8 useraccount's ghost, novice FoFi


Innate Abilities, Weirdness & Mutations

You can spit globs of acid.
You are resistant to acid.
Your golden yellow scales are hard. (AC +7)
You cannot fit into any form of body armour.
You are cold-blooded and may be slowed by cold attacks.


Message History

The quokka bites you but does no damage.
The quokka barely misses you.
You barely miss the quokka. The quokka closely misses you.
You closely miss the quokka.
Your tail-slap misses the quokka.
The quokka barely misses you.
The quokka bites you but does no damage.
You hit the quokka. You tail-slap the quokka.
You kill the quokka!
Vehumet accepts your kill. The steam dragon breathes steam at you.
The ball of steam misses you.
You hear an angry hiss.
You are engulfed in a cloud of scalding steam.
The steam dragon bites you.
The steam dragon claws you but does no damage.
You hit the steam dragon but do no damage.
You are engulfed in a cloud of scalding steam.
* * * LOW HITPOINT WARNING * * *
The steam dragon bites you but does no damage.
The steam dragon closely misses you. x2; You riposte.
You hit the steam dragon.
The steam dragon is lightly wounded.
The steam dragon completely misses you.
Casting: Flame Tongue
Confirm with . or Enter, or press ? or * to list all spells.
Aiming: Sticky Flame
Press: ? - help, Shift-Dir - straight line, f - steam dragon
Aim: a steam dragon (lightly wounded, catching its breath)
The sticky flame hits the steam dragon.
The steam dragon is lightly wounded.
The steam dragon is covered in liquid flames!
You are engulfed in a cloud of scalding steam.
* * * LOW HITPOINT WARNING * * *
The steam dragon burns!
The steam dragon breathes steam at you. The ball of steam hits you!
* * * LOW HITPOINT WARNING * * *
The steam dragon burns!
The steam dragon completely misses you. The steam dragon misses you.
You barely miss the steam dragon.
The steam dragon is moderately wounded.
The steam dragon burns! x2; The steam dragon stops burning.
The steam dragon closely misses you. x2
You hit the steam dragon but do no damage.
The steam dragon is heavily wounded.
The steam dragon bites you.
* * * LOW HITPOINT WARNING * * *
The steam dragon barely misses you. The steam dragon breathes steam at you.
The ball of steam hits you!
You die...

#...# #............. #..[#
## ##.....###.### #...##.#
...........### ######...#.#
##.......#.... ..........#
....#.>..#.... .<>......##
##....#.........
.$........###...#.#.##.##.(.
#####......#..###......##...
#.#....D@........###.....
#.#.....###.##.#####.####
#.#.....# #.##.[.......##
#.......##.########.#.##
##....#.##.# #.#.##
#.........# #...<.
$..##...#### ###... ....
....# #..# .... ....# #..#


You could see a steam dragon.

Vanquished Creatures
  A hippogriff (D:8)
  A spriggan (D:7)
  Menkaure (D:5)
  An ice beast (D:7)
  An orc warrior (D:7)
  5 ogres
  A phantom (D:4)
  A centaur (D:5)
  A big kobold (D:7)
  5 bullfrogs
  5 scorpions
  A water moccasin zombie (D:8)
  3 killer bees (D:7)
  3 crimson imps
  A quasit (D:6)
  An orc priest (D:7)
  A gnoll shaman (D:7)
  3 hounds
  3 jellies
  2 iguanas
  4 orc wizards
  5 worker ants
  3 hound zombies
  13 gnolls
  8 adders
  3 shadow imps
  An ooze (D:1)
  An adder zombie (D:5)
  3 leopard geckos
  25 orcs
  3 bats
  5 giant cockroaches
  9 goblins
  3 hobgoblins
  8 jackals
  7 kobolds
  6 quokkas
  A ball python (D:2)
  2 frilled lizards
  8 rats
159 creatures vanquished.

Notes
Turn   | Place    | Note
-------+----------+-------------------------------------------
     0 | D:1      | Chaoticas the Draconian Fire Elementalist began the quest for the Orb.
     0 | D:1      | Reached XP level 1. HP: 14/14 MP: 3/3
   376 | D:1      | Reached XP level 2. HP: 18/20 MP: 0/5
  1207 | D:2      | HP: 10/20 [adder (5)]
  1208 | D:2      | Reached XP level 3. HP: 13/26 MP: 1/7
  1213 | D:2      | HP: 11/26 [poisoned by an adder]
  1220 | D:2      | HP: 9/26 [poisoned by an adder]
  1226 | D:2      | HP: 3/26 [adder (4)]
  1492 | D:2      | Learned a level 2 spell: Throw Flame
  1496 | D:2      | Learned a level 3 spell: Conjure Flame
  1516 | D:2      | Reached skill level 2 in Conjurations
  1752 | D:2      | Reached skill level 3 in Spellcasting
  1809 | D:2      | Reached XP level 4. HP: 31/33 MP: 1/8
  2505 | D:3      | Found a faded altar of an unknown god.
  2729 | D:3      | Reached skill level 4 in Fire Magic
  2735 | D:3      | Reached XP level 5. HP: 38/38 MP: 1/10
  2968 | D:3      | Noticed BubbleThief's ghost (amateur NaAs)
  3147 | D:4      | Noticed a phantom
  3163 | D:4      | Killed a phantom
  3163 | D:4      | Reached skill level 3 in Conjurations
  3468 | D:4      | Reached XP level 6. HP: 45/45 MP: 11/11
  3523 | D:4      | Found an iron altar of Okawaru.
  3536 | D:4      | Reached skill level 4 in Spellcasting
  3750 | D:4      | Learned a level 4 spell: Sticky Flame
  3896 | D:4      | Reached skill level 4 in Conjurations
  3896 | D:4      | Reached skill level 5 in Fire Magic
  4132 | D:5      | Entered Level 5 of the Dungeon
  4301 | D:5      | Your scales start taking on a golden yellow colour.
  4301 | D:5      | Reached XP level 7. HP: 44/50 MP: 13/13
  4504 | D:5      | Noticed Menkaure
  4508 | D:5      | Killed Menkaure
  4562 | D:5      | Found a glowing golden altar of the Shining One.
  4568 | D:5      | Found a shimmering altar of Xom.
  4900 | D:5      | Reached skill level 5 in Spellcasting
  4906 | D:5      | Reached skill level 5 in Conjurations
  4923 | D:5      | HP: 25/50 [poisoned by an adder]
  4931 | D:5      | HP: 25/50 [poisoned by an adder]
  5229 | D:6      | HP: 22/50 [bullfrog (6)]
  5231 | D:6      | Reached skill level 6 in Fire Magic
  5412 | D:6      | Reached XP level 8. HP: 56/57 MP: 15/15
  5615 | D:6      | Found a sparkling altar of Nemelex Xobeh.
  5666 | D:6      | Found a staircase to the Ecumenical Temple.
  5675 | Temple   | Entered the Ecumenical Temple
  5765 | Temple   | Became a worshipper of Vehumet
  5772 | Temple   | Learned a level 5 spell: Fireball
  5990 | D:7      | Reached skill level 6 in Conjurations
  5996 | D:7      | HP: 27/57 [hound zombie (3)]
  6001 | D:6      | HP: 25/57 [poisoned by a killer bee]
  6009 | D:6      | HP: 23/57 [poisoned by a killer bee]
  6218 | D:7      | Identified a book of Callings
  6301 | D:7      | Reached skill level 7 in Fire Magic
  6440 | D:7      | Reached skill level 6 in Spellcasting
  6519 | D:7      | HP: 28/57 [shadow imp/nerve-wracking pain (8)]
  7107 | D:7      | Found Giocu's Jewellery Shoppe.
  7136 | D:7      | Reached skill level 7 in Conjurations
  7136 | D:7      | Reached XP level 9. HP: 62/62 MP: 17/18
  7256 | D:6      | Reached * piety under Vehumet
  7256 | D:6      | Offered knowledge of Shock by Vehumet.
  7421 | D:7      | Found Pahal's Gadget Shop.
  7678 | D:7      | Reached skill level 8 in Fire Magic
  8175 | D:7      | Learned a level 1 spell: Shock
  8183 | D:8      | HP: 28/62 [hippogriff (7)]
  8454 | D:8      | Noticed useraccount's ghost (novice FoFi)
  8455 | D:8      | useraccount's ghost turns its malevolent gaze towards you.
  8718 | D:8      | Reached skill level 8 in Conjurations
  8807 | D:8      | HP: 31/62 [steam dragon] (10)]
  8811 | D:8      | HP: 14/62 [steam dragon (4)]
  8812 | D:8      | Killed from afar by a steam dragon

Vault maps used:
D:1:      evilmike_arrival_hilbert_curve, st_stairs_6
D:2:      grunt_ministairs_3, grunt_decor_resistance, minmay_misc_feat_hallway,
          minmay_domino_4
D:3:      serial_co_window_serial, co_window_paths_a,
          co_window_of_opportunity_a, co_window_cross_1, co_window_corner_a,
          co_window_of_opportunity_a, co_window_paths_c,
          co_window_of_opportunity_c, co_window_of_opportunity_c,
          co_window_2corner, co_window_corner_ca, co_window_sun,
          co_window_paths_e, glass_columns_a, chequers_ecumenical_altar_lobes,
          uniq_terence
D:4:      okawaru_ov_weapons_minmay, first_bread
D:5:      basic_altar, tso_metal_star, uniq_menkaure
D:6:      temple_hall, basic_altar, kennysheep_boxes
D:7:      serial_shops, shop_fountains, kennysheep_mini, the_bakery
Temple:   compressed_dpeg_circular_temple

Skill      XL: |  1  2  3  4  5  6  7  8  9 |
---------------+----------------------------+-----
Conjurations   | 2 3 4 5 7 8 |  8.0
Spellcasting   | 3 4 5 6 |  6.8
Fire Magic     | 4 5 6 7 8 |  8.8
Dodging        | |  1.7
Stealth        | |  1.7

Action                   |  1- 3 |  4- 6 |  7- 9 || total
-------------------------+-------+-------+-------++-------
Melee: Dagger            |    24 |    36 |       ||    60
       Unarmed           |     5 |       |       ||     5
       Long sword        |       |    19 |   220 ||   239
       Tailslap          |       |     7 |    25 ||    32
 Cast: Flame Tongue      |    55 |   104 |    71 ||   230
       Throw Flame       |     3 |     9 |   121 ||   133
       Sticky Flame      |       |       |     9 ||     9
       Conjure Flame     |       |       |     1 ||     1
  Use: Scroll            |     7 |     1 |     4 ||    12
       Potion            |     1 |       |       ||     1
 Stab: Sleeping          |       |     1 |     1 ||     2
  Eat: Chunk             |     3 |     8 |     4 ||    15
       Meat ration       |       |       |     3 ||     3
Armor: Skin              |    19 |    33 |   129 ||   181
Dodge: Dodged            |    30 |    61 |   240 ||   331
       Rpst.: Long sword |       |    13 |    75 ||    88
